HSSL
MASCONOMET HS CHIEFTANS @ JEFFERSONVILLE-YOUNGSVILLE CENTRAL HS TROJANS
05/03/2028
 
TOP OF THE 1ST
Masconomet HS Chieftans batting - Pitching for Jeffersonville-Youngsville Central HS Trojans : RHP Jacob Johnson
Pitching: RHP Jacob Johnson
Batting: RHB Kenny Canady 0-0: Called Strike
0-1: Swinging Strike
0-2: Ground out 5-3 (Groundball, 5)
Batting: RHB Pat Greene 0-0: SINGLE (Line Drive, 9S)
Batting: RHB Alec Bowers 0-0: Foul Ball, location: 2F
0-1: Foul Ball, location: 2F
0-2: Ball
1-2: Foul Ball, location: 2F
1-2: Fly out, F4 (Popup, 4S)
Batting: RHB Josh Martin 0-0: Called Strike
0-1: Swinging Strike
0-2: Strikes out looking
Top of the 1st over - 0 run(s), 1 hit(s), 0 error(s), 1 left on base; Masconomet HS 0 - Jeffersonville-Youngsville Central HS 0
BOTTOM OF THE 1ST
Jeffersonville-Youngsville Central HS Trojans batting - Pitching for Masconomet HS Chieftans : RHP Foster Gray
Pitching: RHP Foster Gray
Batting: RHB José Rocha 0-0: Swinging Strike
0-1: Foul Ball, location: 2F
0-2: Ball
1-2: SINGLE (Flyball, 78S)
Batting: LHB Tomás Mata 0-0: Ball
1-0: SINGLE (Line Drive, 6D)
José Rocha to second
Batting: LHB Tony Chávez 0-0: Ball
Wild Pitch!
José Rocha to third
Tomás Mata to second
1-0: Ball
2-0: Ball
3-0: Base on Balls
Batting: RHB Glenn Brooks 0-0: Called Strike
0-1: Ball
1-1: Called Strike
1-2: Ball
2-2: Ball
3-2: Strikes out swinging
Batting: LHB Ben Webb 0-0: Called Strike
0-1: Ball
1-1: Fly out, F3 (Popup, 3S)
Batting: LHB Steve Parker 0-0: Foul Ball, location: 2F
0-1: Ball
1-1: Swinging Strike
1-2: Ball
2-2: Foul Ball, location: 2F
2-2: Ball
3-2: SINGLE (Flyball, 8LS)
José Rocha scores
Tomás Mata to third
Tony Chávez to second
Tomás Mata scores
Tony Chávez to third
Batting: RHB Steve Mitchell 0-0: Called Strike
0-1: Ball
1-1: Foul Ball, location: 2F
1-2: Strikes out looking
Bottom of the 1st over - 2 run(s), 3 hit(s), 0 error(s), 2 left on base; Masconomet HS 0 - Jeffersonville-Youngsville Central HS 2
TOP OF THE 2ND
Masconomet HS Chieftans batting - Pitching for Jeffersonville-Youngsville Central HS Trojans : RHP Jacob Johnson
Batting: RHB Bill Salinas 0-0: Ball
1-0: Reached on error, E6 (Groundball, 6)
Batting: RHB Rob Palmer 0-0: Ball
1-0: Called Strike
1-1: Fly out, F9 (Flyball, 9LS)
Batting: RHB Burt Scott 0-0: Ball
1-0: Ball
2-0: Called Strike
2-1: Ball
3-1: Swinging Strike
3-2: Base on Balls
Bill Salinas to second
Batting: RHB Jack Bowman 0-0: Called Strike
0-1: Ball
1-1: Grounds into double play, 6-4-3 (Groundball, 6)
Top of the 2nd over - 0 run(s), 0 hit(s), 1 error(s), 1 left on base; Masconomet HS 0 - Jeffersonville-Youngsville Central HS 2
BOTTOM OF THE 2ND
Jeffersonville-Youngsville Central HS Trojans batting - Pitching for Masconomet HS Chieftans : RHP Foster Gray
Batting: RHB Duane Bradley 0-0: Called Strike
0-1: Foul Ball, location: 2F
0-2: Ball
1-2: SINGLE (Groundball, 6MD)
Batting: RHB Mike McGee 0-0: Called Strike
Duane Bradley steals 2nd base
0-1: Ball
1-1: Ball
2-1: Ball
3-1: Ground out 1-3 (Groundball, 15S)
Batting: RHB José Rocha 0-0: Ball
1-0: Ball
2-0: Ball
3-0: Called Strike
3-1: Swinging Strike
3-2: Fly out, F8 (Flyball, 78D)
Batting: LHB Tomás Mata 0-0: Ball
1-0: Ball
2-0: Called Strike
2-1: Ball
3-1: Called Strike
3-2: Base on Balls
Batting: LHB Tony Chávez 0-0: Called Strike
0-1: Ball
1-1: SINGLE (Flyball, 7LM)
Duane Bradley to third
Tomás Mata to second
Runner from 3rd tries for Home, SAFE, no throw
Batting: RHB Glenn Brooks 0-0: Called Strike
0-1: Fielders Choice at 2nd, 5-4 (Groundball, 5)
Bottom of the 2nd over - 1 run(s), 2 hit(s), 0 error(s), 1 left on base; Masconomet HS 0 - Jeffersonville-Youngsville Central HS 3
TOP OF THE 3RD
Masconomet HS Chieftans batting - Pitching for Jeffersonville-Youngsville Central HS Trojans : RHP Jacob Johnson
Batting: RHB Lee Justice 0-0: Swinging Strike
0-1: Foul Ball, location: 2F
0-2: Foul Ball, location: 2F
0-2: Fly out, F8 (Flyball, 8LM)
Batting: RHB Kenny Canady 0-0: Called Strike
0-1: Ball
1-1: Ball
2-1: Ball
3-1: Foul Ball, location: 2F
3-2: Ground out 4-3 (Groundball, 4)
Batting: RHB Pat Greene 0-0: Swinging Strike
0-1: Ball
1-1: DOUBLE (Flyball, 89D)
Batting: RHB Alec Bowers 0-0: Ball
1-0: Ball
2-0: Called Strike
2-1: Ball
3-1: SINGLE (Groundball, 6MD)
Pat Greene to third
Runner from 3rd tries for Home, SAFE, no throw
Batting: RHB Josh Martin 0-0: Ball
1-0: Ball
2-0: Swinging Strike
2-1: Foul Ball, location: 2F
2-2: Fielders Choice at 2nd, 6-4 (Groundball, 6)
Top of the 3rd over - 1 run(s), 2 hit(s), 0 error(s), 0 left on base; Masconomet HS 1 - Jeffersonville-Youngsville Central HS 3
BOTTOM OF THE 3RD
Jeffersonville-Youngsville Central HS Trojans batting - Pitching for Masconomet HS Chieftans : RHP Foster Gray
Batting: LHB Ben Webb 0-0: Ball
1-0: Swinging Strike
1-1: Called Strike
1-2: Foul Ball, location: 2F
1-2: Foul Ball, location: 2F
1-2: Ball
2-2: Strikes out looking
Batting: LHB Steve Parker 0-0: Foul Ball, location: 2F
0-1: Foul Ball, location: 2F
0-2: Ball
1-2: Foul Ball, location: 2F
1-2: Ball
2-2: Foul Ball, location: 2F
2-2: Ball
3-2: Fly out, F8 (Flyball, 78M)
Batting: RHB Steve Mitchell 0-0: Foul Ball, location: 2F
0-1: Foul Ball, location: 2F
0-2: Strikes out swinging
Bottom of the 3rd over - 0 run(s), 0 hit(s), 0 error(s), 0 left on base; Masconomet HS 1 - Jeffersonville-Youngsville Central HS 3
TOP OF THE 4TH
Masconomet HS Chieftans batting - Pitching for Jeffersonville-Youngsville Central HS Trojans : RHP Jacob Johnson
Batting: RHB Bill Salinas 0-0: Ball
1-0: Foul Ball, location: 2F
1-1: Foul Ball, location: 2F
1-2: SINGLE (Groundball, 4D)
Batting: RHB Rob Palmer 0-0: Called Strike
0-1: Ball
1-1: Reached on error, E5 (Groundball, 56S)
Bill Salinas to third
Batting: RHB Burt Scott 0-0: Ball
1-0: Called Strike
1-1: Ball
2-1: Fly out, F2 (Popup, 2L)
Batting: RHB Jack Bowman 0-0: Called Strike
0-1: Foul Ball, location: 2F
0-2: Ball
1-2: Strikes out swinging
Batting: RHB Lee Justice 0-0: Called Strike
0-1: SINGLE (Flyball, 78S)
Bill Salinas scores
Rob Palmer to third
Runner from 3rd tries for Home, SAFE, no throw
Batting: RHB Kenny Canady 0-0: Ball
1-0: Called Strike
1-1: Foul Ball, location: 2F
1-2: Ground out 6-3 (Groundball, 6S)
Top of the 4th over - 2 run(s), 2 hit(s), 1 error(s), 1 left on base; Masconomet HS 3 - Jeffersonville-Youngsville Central HS 3
BOTTOM OF THE 4TH
Jeffersonville-Youngsville Central HS Trojans batting - Pitching for Masconomet HS Chieftans : RHP Foster Gray
Batting: RHB Duane Bradley 0-0: Ball
1-0: Ball
2-0: Ball
3-0: Called Strike
3-1: Foul Ball, location: 2F
3-2: Base on Balls
Pitching: RHP Danny Owen
Batting: RHB Mike McGee 0-0: Ball
1-0: Ball
2-0: Fly out, F6 (Line Drive, 6)
Batting: RHB José Rocha 0-0: Foul Ball, location: 2F
0-1: Ball
1-1: Fly out, F7 (Flyball, 7)
Batting: LHB Tomás Mata 0-0: Called Strike
0-1: Foul Ball, location: 2F
0-2: Ground out 1-3 (Groundball, 15S)
Bottom of the 4th over - 0 run(s), 0 hit(s), 0 error(s), 1 left on base; Masconomet HS 3 - Jeffersonville-Youngsville Central HS 3
TOP OF THE 5TH
Masconomet HS Chieftans batting - Pitching for Jeffersonville-Youngsville Central HS Trojans : RHP Jacob Johnson
Batting: RHB Pat Greene 0-0: Ball
1-0: Swinging Strike
1-1: Ball
2-1: Swinging Strike
2-2: Ball
3-2: Fly out, F8 (Flyball, 8LD)
Batting: RHB Alec Bowers 0-0: Ball
1-0: Called Strike
1-1: Called Strike
1-2: Ball
2-2: Strikes out swinging
Batting: RHB Josh Martin 0-0: Ball
1-0: Ball
2-0: Called Strike
2-1: Foul Ball, location: 2F
2-2: Foul Ball, location: 2F
2-2: Foul Ball, location: 2F
2-2: Fly out, F8 (Flyball, 8RM)
Top of the 5th over - 0 run(s), 0 hit(s), 0 error(s), 0 left on base; Masconomet HS 3 - Jeffersonville-Youngsville Central HS 3
BOTTOM OF THE 5TH
Jeffersonville-Youngsville Central HS Trojans batting - Pitching for Masconomet HS Chieftans : RHP Danny Owen
Batting: LHB Tony Chávez 0-0: Ball
1-0: Called Strike
1-1: Ball
2-1: Called Strike
2-2: Strikes out looking
Batting: RHB Glenn Brooks 0-0: SINGLE (Groundball, 6MD)
Batting: LHB Ben Webb 0-0: Called Strike
0-1: Foul Ball, location: 2F
0-2: Fly out, F2 (Popup, 3S)
Batting: LHB Steve Parker 0-0: Foul Ball, location: 2F
0-1: Foul Ball, location: 2F
0-2: Strikes out swinging
Bottom of the 5th over - 0 run(s), 1 hit(s), 0 error(s), 1 left on base; Masconomet HS 3 - Jeffersonville-Youngsville Central HS 3
TOP OF THE 6TH
Masconomet HS Chieftans batting - Pitching for Jeffersonville-Youngsville Central HS Trojans : RHP Jacob Johnson
Pitching: RHP Vince Hawk
Batting: RHB Bill Salinas 0-0: Ball
1-0: Fly out, F8 (Line Drive, 8LM)
Batting: RHB Rob Palmer 0-0: Called Strike
0-1: Foul Ball, location: 2F
0-2: Ball
1-2: Foul Ball, location: 2F
1-2: Ball
2-2: Foul Ball, location: 2F
2-2: SINGLE (Line Drive, 6)
Batting: RHB Burt Scott 0-0: Called Strike
0-1: Swinging Strike
0-2: Ball
1-2: Ball
2-2: Strikes out swinging
Batting: RHB Jack Bowman 0-0: Ball
1-0: Ball
2-0: Swinging Strike
2-1: Called Strike
2-2: Strikes out swinging
Top of the 6th over - 0 run(s), 1 hit(s), 0 error(s), 1 left on base; Masconomet HS 3 - Jeffersonville-Youngsville Central HS 3
BOTTOM OF THE 6TH
Jeffersonville-Youngsville Central HS Trojans batting - Pitching for Masconomet HS Chieftans : RHP Danny Owen
Batting: RHB Steve Mitchell 0-0: Called Strike
0-1: Foul Ball, location: 2F
0-2: Strikes out swinging
Batting: RHB Duane Bradley 0-0: Foul Ball, location: 2F
0-1: Foul Ball, location: 2F
0-2: Ball
1-2: Strikes out looking
Batting: RHB Mike McGee 0-0: Swinging Strike
0-1: Called Strike
0-2: Strikes out looking
Bottom of the 6th over - 0 run(s), 0 hit(s), 0 error(s), 0 left on base; Masconomet HS 3 - Jeffersonville-Youngsville Central HS 3
TOP OF THE 7TH
Masconomet HS Chieftans batting - Pitching for Jeffersonville-Youngsville Central HS Trojans : RHP Vince Hawk
Batting: RHB Lee Justice 0-0: Called Strike
0-1: Ball
1-1: Foul Ball, location: 2F
1-2: Foul Ball, location: 2F
1-2: Foul Ball, location: 2F
1-2: Ball
2-2: Strikes out swinging
Batting: RHB Kenny Canady 0-0: Ball
1-0: Ball
2-0: Called Strike
2-1: Foul Ball, location: 2F
2-2: Ball
3-2: Base on Balls
Batting: RHB Pat Greene 0-0: Ball
Kenny Canady steals 2nd base
1-0: Ball
2-0: Foul Ball, location: 2F
2-1: Swinging Strike
2-2: Ball
3-2: SINGLE (Flyball, 9LM)
Kenny Canady to third
Batting: RHB Alec Bowers 0-0: Called Strike
0-1: Ball
1-1: Ball
2-1: Ball
3-1: Base on Balls
Pat Greene to second
Batting: RHB Josh Martin 0-0: Ball
1-0: Ball
2-0: Ball
3-0: Base on Balls
Kenny Canady scores
Pat Greene to third
Alec Bowers to second
Pitching: LHP Chris Reynolds
Batting: RHB Bill Salinas 0-0: Ball
1-0: Called Strike
1-1: Swinging Strike
1-2: Ball
2-2: Foul Ball, location: 2F
2-2: Hit by Pitch
Pat Greene scores
Alec Bowers to third
Josh Martin to second
Batting: RHB Rob Palmer 0-0: Ball
1-0: Swinging Strike
1-1: Foul Ball, location: 2F
1-2: Ball
2-2: Foul Ball, location: 2F
2-2: Strikes out swinging
Batting: RHB Burt Scott 0-0: Ball
1-0: Ball
2-0: Ball
3-0: Called Strike
3-1: Base on Balls
Alec Bowers scores
Josh Martin to third
Bill Salinas to second
Batting: RHB Jack Bowman 0-0: Called Strike
0-1: Ball
1-1: Ball
2-1: Foul Ball, location: 2F
2-2: Foul Ball, location: 2F
2-2: Strikes out looking
Top of the 7th over - 3 run(s), 1 hit(s), 0 error(s), 3 left on base; Masconomet HS 6 - Jeffersonville-Youngsville Central HS 3
BOTTOM OF THE 7TH
Jeffersonville-Youngsville Central HS Trojans batting - Pitching for Masconomet HS Chieftans : RHP Danny Owen
Batting: RHB José Rocha 0-0: Foul Ball, location: 2F
0-1: Ball
1-1: Ball
2-1: Bunted foul
2-2: Fly out, F8 (Flyball, 8RM)
Batting: LHB Tomás Mata 0-0: Ball
1-0: Called Strike
1-1: Swinging Strike
1-2: Foul Ball, location: 2F
1-2: Strikes out looking
Batting: LHB Tony Chávez 0-0: Called Strike
0-1: Ball
1-1: Called Strike
1-2: Ball
2-2: Ball
3-2: Foul Ball, location: 2F
3-2: Strikes out looking
Bottom of the 7th over - 0 run(s), 0 hit(s), 0 error(s), 0 left on base; Masconomet HS 6 - Jeffersonville-Youngsville Central HS 3
TOP OF THE 8TH
Masconomet HS Chieftans batting - Pitching for Jeffersonville-Youngsville Central HS Trojans : LHP Chris Reynolds
Batting: RHB Lee Justice 0-0: Ball
1-0: Ball
2-0: Called Strike
2-1: Ball
3-1: Reached on error, E5 (Groundball, 56)
Batting: RHB Kenny Canady 0-0: Ball
1-0: Sac Bunt - play at first, batter OUT! 5-3
Lee Justice to second
Batting: RHB Pat Greene 0-0: Ball
1-0: Ball
2-0: Foul Ball, location: 2F
2-1: Called Strike
2-2: DOUBLE (Flyball, 89M)
Lee Justice scores
Batting: RHB Alec Bowers 0-0: Intentional Walk
Batting: RHB Josh Martin 0-0: Called Strike
0-1: Ball
1-1: Ball
2-1: Foul Ball, location: 2F
2-2: Ball
3-2: Reached on error, E6 (Groundball, 6)
Pat Greene to third
Alec Bowers to second
Batting: RHB Bill Salinas 0-0: Ball
1-0: Foul Ball, location: 2F
1-1: Called Strike
1-2: Ball
2-2: Foul Ball, location: 2F
2-2: Strikes out looking
Batting: RHB Rob Palmer 0-0: Ball
1-0: SINGLE (Line Drive, 4D)
Pat Greene scores
Alec Bowers to third
Josh Martin to second
Runner from 3rd tries for Home, SAFE, no throw
Pitching: LHP Gil LaSalle
Batting: RHB Burt Scott 0-0: Called Strike
0-1: SINGLE (Line Drive, 4M)
Josh Martin to third
Rob Palmer to second
Runner from 3rd tries for Home, SAFE, no throw
Batting: RHB Jack Bowman 0-0: Called Strike
0-1: Ball
1-1: Ball
2-1: Ball
3-1: Foul Ball, location: 2F
3-2: Ground out 6-3 (Groundball, 6)
Top of the 8th over - 4 run(s), 3 hit(s), 2 error(s), 2 left on base; Masconomet HS 10 - Jeffersonville-Youngsville Central HS 3
BOTTOM OF THE 8TH
Jeffersonville-Youngsville Central HS Trojans batting - Pitching for Masconomet HS Chieftans : RHP Danny Owen
Batting: RHB Glenn Brooks 0-0: Ball
1-0: Foul Ball, location: 2F
1-1: Ball
2-1: Called Strike
2-2: Ball
3-2: Base on Balls
Batting: LHB Ben Webb 0-0: Foul Ball, location: 2F
0-1: Ball
1-1: Ball
2-1: Ball
3-1: Base on Balls
Glenn Brooks to second
Pitching: RHP Pat Flores
Batting: LHB Steve Parker 0-0: Called Strike
0-1: Ball
1-1: Fly out, F7 (Flyball, 7)
Batting: RHB Steve Mitchell 0-0: Ball
1-0: Ball
2-0: Ball
3-0: Base on Balls
Glenn Brooks to third
Ben Webb to second
Batting: RHB Duane Bradley 0-0: Ball
1-0: Called Strike
1-1: Ball
2-1: SINGLE (Flyball, 9LS)
Glenn Brooks scores
Ben Webb to third
Steve Mitchell to second
Batting: RHB Mike McGee 0-0: Ball
1-0: Grounds into double play, 6-4-3 (Groundball, 6)
Bottom of the 8th over - 1 run(s), 1 hit(s), 0 error(s), 2 left on base; Masconomet HS 10 - Jeffersonville-Youngsville Central HS 4
TOP OF THE 9TH
Masconomet HS Chieftans batting - Pitching for Jeffersonville-Youngsville Central HS Trojans : LHP Gil LaSalle
Pitching: RHP Juan García
Batting: RHB Lee Justice 0-0: Called Strike
0-1: Ball
1-1: Foul Ball, location: 2F
1-2: Reached on error, E9 (Line Drive, 9)
Batting: RHB Kenny Canady 0-0: Foul Ball, location: 2F
0-1: Foul Ball, location: 2F
0-2: Ball
1-2: Grounds into double play, 5-4-3 (Groundball, 56)
Batting: RHB Pat Greene 0-0: Called Strike
0-1: Ball
1-1: Ball
2-1: Ground out 4-3 (Groundball, 4)
Top of the 9th over - 0 run(s), 0 hit(s), 1 error(s), 0 left on base; Masconomet HS 10 - Jeffersonville-Youngsville Central HS 4
BOTTOM OF THE 9TH
Jeffersonville-Youngsville Central HS Trojans batting - Pitching for Masconomet HS Chieftans : RHP Pat Flores
Batting: RHB José Rocha 0-0: Fly out, F9 (Flyball, 89M)
Batting: LHB Tomás Mata 0-0: Called Strike
0-1: Ground out 4-3 (Groundball, 34D)
Batting: LHB Tony Chávez 0-0: Foul Ball, location: 2F
0-1: Ball
1-1: Foul Ball, location: 2F
1-2: Fly out, F5 (Popup, 5L)
Bottom of the 9th over - 0 run(s), 0 hit(s), 0 error(s), 0 left on base; Masconomet HS 10 - Jeffersonville-Youngsville Central HS 4
Tuesday, August 8th, 2017 - OOTP Baseball 17.12 Build 75